| TOP OF THE 1ST |
|
Roswell Invaders batting - Pitching for Joplin Blasters : RHP Howie Seidler
|
|
Pitching: RHP Howie Seidler
|
|
|
Batting: RHB Orlando Florez
|
0-0: Ground out 1-3 (Groundball, 15S, EV 75.6 MPH)
|
|
Batting: LHB Dallas Kelly
|
0-0: Ball 1-0: Called Strike 1-1: Ground out 4-3 (Groundball, 4, EV 108.1 MPH)
|
|
Batting: RHB Mike Swift
|
0-0: Ball 1-0: Ball 2-0: Ball 3-0: Base on Balls
|
|
Batting: RHB Josh Burrows
|
0-0: Called Strike 0-1: Foul Ball, location: 2F 0-2: Fly out, F9 (Flyball, 9D, EV 103.8 MPH)
|
| Top of the 1st over - 0 runs, 0 hits, 0 errors, 1 left on base; Roswell 0 - Joplin 0 |
| BOTTOM OF THE 1ST |
|
Joplin Blasters batting - Pitching for Roswell Invaders : RHP John Palumbo
|
|
Pitching: RHP John Palumbo
|
|
|
Batting: RHB Dave Saldana
|
0-0: Foul Ball, location: 2F 0-1: Ball 1-1: Called Strike 1-2: Ground out 3-1 (Groundball, 34, EV 80.6 MPH)
|
|
Batting: LHB David Bearden
|
0-0: Called Strike 0-1: Ball 1-1: Ball 2-1: Ball 3-1: Swinging Strike 3-2: Foul Ball, location: 2F 3-2: Foul Ball, location: 2F 3-2: SINGLE (Flyball, 7S, EV 86.9 MPH)
|
|
Batting: RHB Bobby Matyas
|
0-0: Ball 1-0: Ball 2-0: Swinging Strike 2-1: Ball 3-1: Base on Balls David Bearden to second
|
|
Batting: LHB Josh Dalton
|
0-0: Called Strike 0-1: Called Strike 0-2: Strikes out looking
|
|
Pitching: RHP Jake Priest
|
|
|
Batting: SHB Sean Hill
|
0-0: Ball 1-0: Ball 2-0: Ball 3-0: Foul Ball, location: 2F 3-1: Base on Balls David Bearden to third Bobby Matyas to second
|
|
Batting: RHB Justin Goff
|
0-0: Ball 1-0: Ball 2-0: Ball 3-0: Foul Ball, location: 2F 3-1: Foul Ball, location: 2F 3-2: Reached on error, E5 (Groundball, 56S, EV 80.0 MPH) David Bearden scores Bobby Matyas to third Sean Hill to second
|
|
Batting: RHB Adam Krieger
|
0-0: Foul Ball, location: 2F 0-1: Ball 1-1: Fly out, F3 (Popup, 23F, EV 92.5 MPH)
|
| Bottom of the 1st over - 1 run, 1 hit, 1 error, 3 left on base; Roswell 0 - Joplin 1 |
| TOP OF THE 2ND |
|
Roswell Invaders batting - Pitching for Joplin Blasters : RHP Howie Seidler
|
|
Batting: LHB Josh Thomas
|
0-0: Ball 1-0: Foul Ball, location: 2F 1-1: Fly out, F8 (Line Drive, 8RD, EV 85.6 MPH)
|
|
Batting: SHB Ethan Newby
|
0-0: Ground out 4-3 (Groundball, 34D, EV 108.1 MPH)
|
|
Batting: RHB Cody Savastand
|
0-0: Ball 1-0: Ball 2-0: Ball 3-0: Base on Balls
|
|
Batting: LHB Afanasy Apatenko
|
0-0: Ball 1-0: Called Strike 1-1: Foul Ball, location: 2F 1-2: Foul Ball, location: 2F 1-2: Strikes out looking
|
| Top of the 2nd over - 0 runs, 0 hits, 0 errors, 1 left on base; Roswell 0 - Joplin 1 |
| BOTTOM OF THE 2ND |
|
Joplin Blasters batting - Pitching for Roswell Invaders : RHP Jake Priest
|
|
Batting: RHB Jason Birge
|
0-0: Called Strike 0-1: Fly out, F8 (Flyball, 89M, EV 90.0 MPH)
|
|
Batting: RHB Carlos Santoni
|
0-0: Called Strike 0-1: Ball 1-1: Foul Ball, location: 2F 1-2: Ball 2-2: Foul Ball, location: 2F 2-2: Foul Ball, location: 2F 2-2: TRIPLE (Line Drive, 78XD, EV 107.5 MPH)
|
|
Pitching: RHP Jeff Whaley
|
|
|
Batting: RHB Dave Saldana
|
0-0: Called Strike 0-1: Foul Ball, location: 2F 0-2: Ball 1-2: Ball 2-2: Reached on error, E5 (Groundball, 56, EV 83.1 MPH) Carlos Santoni scores
|
|
Batting: LHB David Bearden
|
0-0: Called Strike Dave Saldana steals 2nd base 0-1: SINGLE (Groundball, 34D, EV 95.6 MPH) Dave Saldana to third Runner from 3rd tries for Home, SAFE, throw by RF to home
|
|
Batting: RHB Bobby Matyas
|
0-0: Hit by Pitch David Bearden to second
|
|
Batting: LHB Josh Dalton
|
0-0: Ball 1-0: Called Strike 1-1: Ball 2-1: Ball 3-1: Base on Balls David Bearden to third Bobby Matyas to second
|
|
Batting: SHB Sean Hill
|
0-0: Ball 1-0: Ball 2-0: Ball 3-0: Base on Balls David Bearden scores Bobby Matyas to third Josh Dalton to second
|
|
Batting: RHB Justin Goff
|
0-0: Ball 1-0: Ball 2-0: Called Strike 2-1: Foul Ball, location: 2F 2-2: Ball 3-2: Base on Balls Bobby Matyas scores Josh Dalton to third Sean Hill to second
|
|
Pitching: RHP Vinny Segura
|
|
|
Batting: RHB Adam Krieger
|
0-0: Ball 1-0: Fielders Choice at 2nd, 4-6 (Groundball, 4, EV 91.9 MPH) Josh Dalton scores Sean Hill to third
|
|
Batting: RHB Jason Birge
|
0-0: Fly out, F7 (Flyball, 78S, EV 91.9 MPH)
|
| Bottom of the 2nd over - 5 runs, 2 hits, 1 error, 2 left on base; Roswell 0 - Joplin 6 |
| TOP OF THE 3RD |
|
Roswell Invaders batting - Pitching for Joplin Blasters : RHP Howie Seidler
|
|
Now in CF: Kevin Wimberly
|
|
|
Batting: LHB Falco van Koeveringe
|
0-0: Foul Ball, location: 2F 0-1: Fly out, F8 (Flyball, 8LD, EV 83.8 MPH)
|
|
Batting: RHB Orlando Florez
|
0-0: Called Strike 0-1: Foul Ball, location: 2F 0-2: Foul Ball, location: 2F 0-2: Ball 1-2: Strikes out swinging
|
|
Batting: LHB Dallas Kelly
|
0-0: Called Strike 0-1: Ball 1-1: Foul Ball, location: 2F 1-2: Ball 2-2: Foul Ball, location: 2F 2-2: Strikes out swinging
|
| Top of the 3rd over - 0 runs, 0 hits, 0 errors, 0 left on base; Roswell 0 - Joplin 6 |
| BOTTOM OF THE 3RD |
|
Joplin Blasters batting - Pitching for Roswell Invaders : RHP Vinny Segura
|
|
Batting: RHB Carlos Santoni
|
0-0: SINGLE (Groundball, 56D, EV 94.4 MPH)
|
|
Batting: RHB Kevin Wimberly
|
0-0: Foul Ball, location: 2F 0-1: SINGLE (Line Drive, 34D, EV 96.9 MPH) Carlos Santoni to second Runner from 2nd tries for 3rd, SAFE, no throw by RF
|
|
Batting: LHB David Bearden
|
0-0: Ball 1-0: Ball 2-0: SINGLE (Groundball, 6MD, EV 94.4 MPH) Carlos Santoni scores Kevin Wimberly to second Throwing error, E8 Kevin Wimberly scores David Bearden to second
|
|
Batting: RHB Bobby Matyas
|
0-0: SINGLE (Line Drive, 9LS, EV 102.5 MPH) David Bearden to third
|
|
Batting: LHB Josh Dalton
|
0-0: Ball 1-0: Called Strike 1-1: Foul Ball, location: 2F 1-2: 3-RUN HOME RUN (Line Drive, 9D, EV 98.1 MPH), Distance : 397 ft
|
|
Pitching: LHP Jeff Haight
|
|
|
Batting: SHB Sean Hill
|
0-0: Swinging Strike 0-1: Ball 1-1: Swinging Strike 1-2: Ball 2-2: Foul Ball, location: 2F 2-2: Strikes out looking
|
|
Batting: RHB Justin Goff
|
0-0: Ball 1-0: Foul Ball, location: 2F 1-1: SINGLE (Groundball, 34S, EV 78.1 MPH) (infield hit)
|
|
Batting: RHB Adam Krieger
|
0-0: Ball 1-0: Called Strike 1-1: Ball 2-1: DOUBLE (Groundball, 5L, EV 96.9 MPH) Justin Goff to third
|
|
Batting: RHB Jason Birge
|
0-0: Ball 1-0: Swinging Strike 1-1: Foul Ball, location: 2F 1-2: Ball 2-2: Foul Ball, location: 2F 2-2: DOUBLE (Line Drive, 7LM, EV 112.5 MPH) Justin Goff scores Adam Krieger scores
|
|
Pitching: RHP Jaylen Hatten
|
|
|
Batting: RHB Carlos Santoni
|
0-0: Swinging Strike 0-1: SINGLE (Line Drive, 7S, EV 93.1 MPH) Jason Birge to third Runner from 3rd tries for Home, SAFE, throw by LF to home
|
|
Batting: RHB Kevin Wimberly
|
0-0: Ball 1-0: Called Strike 1-1: Called Strike 1-2: Foul Ball, location: 2F 1-2: Ball 2-2: Foul Ball, location: 2F 2-2: Foul Ball, location: 2F 2-2: DOUBLE (Flyball, 78XD, EV 105.6 MPH) Carlos Santoni to third
|
|
Batting: LHB David Bearden
|
0-0: Foul Ball, location: 2F 0-1: Ball 1-1: Ball 2-1: Ball 3-1: Base on Balls
|
|
Batting: RHB Bobby Matyas
|
0-0: Fly out, F9 (Line Drive, 9, EV 94.4 MPH) Runner from 3rd tags up, SCORES, throw by RF Kevin Wimberly to third
|
|
Batting: LHB Josh Dalton
|
0-0: Ball 1-0: Ball 2-0: Called Strike 2-1: Swinging Strike 2-2: Foul Ball, location: 2F 2-2: Foul Ball, location: 2F 2-2: Ball 3-2: Base on Balls David Bearden to second
|
|
Pitching: LHP Travis Osorio
|
|
|
Batting: SHB Sean Hill
|
0-0: Swinging Strike 0-1: Foul Ball, location: 2F 0-2: Ground out 4-3 (Groundball, 34, EV 101.2 MPH)
|
| Bottom of the 3rd over - 9 runs, 10 hits, 1 error, 3 left on base; Roswell 0 - Joplin 15 |
| TOP OF THE 4TH |
|
Roswell Invaders batting - Pitching for Joplin Blasters : RHP Howie Seidler
|
|
Batting: RHB Mike Swift
|
0-0: Called Strike 0-1: Ball 1-1: Ball 2-1: Fly out, F9 (Flyball, 9, EV 91.2 MPH)
|
|
Batting: RHB Josh Burrows
|
0-0: Ball 1-0: Foul Ball, location: 2F 1-1: Ground out U3 (Groundball, 13, EV 82.5 MPH)
|
|
Batting: LHB Josh Thomas
|
0-0: Foul Ball, location: 2F 0-1: Ball 1-1: Fly out, F8 (Flyball, 8LS, EV 71.2 MPH)
|
| Top of the 4th over - 0 runs, 0 hits, 0 errors, 0 left on base; Roswell 0 - Joplin 15 |
| BOTTOM OF THE 4TH |
|
Joplin Blasters batting - Pitching for Roswell Invaders : LHP Travis Osorio
|
|
Batting: RHB Justin Goff
|
0-0: DOUBLE (Line Drive, 9LM, EV 98.8 MPH) - OUT at third base trying to stretch hit.
|
|
Batting: RHB Adam Krieger
|
0-0: Ball 1-0: Ground out 6-3 (Groundball, 6, EV 81.2 MPH)
|
|
Batting: RHB Jason Birge
|
0-0: Foul Ball, location: 2F 0-1: Reached on error, E6 (Groundball, 6, EV 78.8 MPH)
|
|
Batting: RHB Carlos Santoni
|
0-0: DOUBLE (Flyball, 8LD, EV 102.5 MPH) Jason Birge scores
|
|
Batting: RHB Kevin Wimberly
|
0-0: Ball 1-0: Called Strike 1-1: Called Strike 1-2: Ball 2-2: Foul Ball, location: 2F 2-2: Fly out, F8 (Line Drive, 8RM, EV 91.9 MPH)
|
| Bottom of the 4th over - 1 run, 2 hits, 1 error, 1 left on base; Roswell 0 - Joplin 16 |
| TOP OF THE 5TH |
|
Roswell Invaders batting - Pitching for Joplin Blasters : RHP Howie Seidler
|
|
Batting: SHB Ethan Newby
|
0-0: Called Strike 0-1: Ball 1-1: DOUBLE (Line Drive, 7LM, EV 91.9 MPH)
|
|
Batting: RHB Cody Savastand
|
0-0: Called Strike 0-1: Called Strike 0-2: Ground out 4-3 (Groundball, 4, EV 88.1 MPH) Ethan Newby to third
|
|
Batting: LHB Afanasy Apatenko
|
0-0: Called Strike 0-1: Ball 1-1: Ball 2-1: Swinging Strike 2-2: Strikes out looking
|
|
Batting: LHB Falco van Koeveringe
|
0-0: Called Strike 0-1: Foul Ball, location: 2F 0-2: Foul Ball, location: 2F 0-2: Ball 1-2: Strikes out swinging
|
| Top of the 5th over - 0 runs, 1 hit, 0 errors, 1 left on base; Roswell 0 - Joplin 16 |
| BOTTOM OF THE 5TH |
|
Joplin Blasters batting - Pitching for Roswell Invaders : LHP Travis Osorio
|
|
Batting: LHB David Bearden
|
0-0: Called Strike 0-1: Ball 1-1: SINGLE (Line Drive, 78M, EV 92.5 MPH)
|
|
Pitching: LHP Henry Torres
|
|
|
Batting: RHB Bobby Matyas
|
0-0: Ball 1-0: Grounds into double play, 4-6-3 (Groundball, 4S, EV 83.1 MPH)
|
|
Batting: LHB Josh Dalton
|
0-0: Ball 1-0: Ball 2-0: Ball 3-0: Base on Balls
|
|
Batting: SHB Sean Hill
|
0-0: Ball 1-0: SINGLE (Flyball, 56D, EV 88.8 MPH) Josh Dalton to second
|
|
Batting: RHB Justin Goff
|
0-0: Ball 1-0: Foul Ball, location: 2F 1-1: Swinging Strike 1-2: Ball 2-2: Ball 3-2: Strikes out swinging
|
| Bottom of the 5th over - 0 runs, 2 hits, 0 errors, 2 left on base; Roswell 0 - Joplin 16 |
| TOP OF THE 6TH |
|
Roswell Invaders batting - Pitching for Joplin Blasters : RHP Howie Seidler
|
|
Batting: RHB Orlando Florez
|
0-0: Ball 1-0: Ball 2-0: Ball 3-0: Called Strike 3-1: Foul Ball, location: 2F 3-2: Reached on error, E3 (Groundball, 34, EV 105.0 MPH)
|
|
Batting: LHB Dallas Kelly
|
0-0: Fly out, F8 (Line Drive, 8LM, EV 85.6 MPH)
|
|
Batting: RHB Mike Swift
|
0-0: Called Strike 0-1: Swinging Strike 0-2: Foul Ball, location: 2F 0-2: Ball 1-2: Ball 2-2: Strikes out swinging
|
|
Pitching: RHP Bryan Kiefer
|
|
|
Batting: RHB Josh Burrows
|
0-0: Called Strike 0-1: Ball Pickoff Throw to First - Out! 1-3
|
| Top of the 6th over - 0 runs, 0 hits, 1 error, 0 left on base; Roswell 0 - Joplin 16 |
| BOTTOM OF THE 6TH |
|
Joplin Blasters batting - Pitching for Roswell Invaders : LHP Henry Torres
|
|
Batting: RHB Adam Krieger
|
0-0: Ground out 5-3 (Groundball, 5, EV 110.0 MPH)
|
|
Batting: RHB Jason Birge
|
0-0: Ball 1-0: DOUBLE (Line Drive, 9LM, EV 110.6 MPH)
|
|
Batting: RHB Carlos Santoni
|
0-0: Called Strike 0-1: Ball 1-1: Ball 2-1: Ball 3-1: Base on Balls
|
|
Batting: RHB Kevin Wimberly
|
0-0: Ball 1-0: Fly out, F7 (Flyball, 7S, EV 76.2 MPH)
|
|
Batting: LHB David Bearden
|
0-0: Called Strike 0-1: Ball 1-1: Ball 2-1: Ball 3-1: Foul Ball, location: 2F 3-2: Foul Ball, location: 2F 3-2: Base on Balls Jason Birge to third Carlos Santoni to second
|
|
Batting: RHB Bobby Matyas
|
0-0: SINGLE (Groundball, 4MD, EV 95.0 MPH) Jason Birge scores Carlos Santoni to third David Bearden to second Runner from 3rd tries for Home, SAFE, throw by CF to home
|
|
Batting: LHB Josh Dalton
|
0-0: Called Strike 0-1: Swinging Strike 0-2: Fly out, F8 (Line Drive, 8RD, EV 101.2 MPH)
|
| Bottom of the 6th over - 2 runs, 2 hits, 0 errors, 2 left on base; Roswell 0 - Joplin 18 |
| TOP OF THE 7TH |
|
Roswell Invaders batting - Pitching for Joplin Blasters : RHP Bryan Kiefer
|
|
Batting: RHB Josh Burrows
|
0-0: Ball 1-0: Called Strike 1-1: Ball 2-1: Called Strike 2-2: Strikes out swinging
|
|
Batting: LHB Josh Thomas
|
0-0: Ball 1-0: Foul Ball, location: 2F 1-1: Swinging Strike 1-2: Strikes out swinging
|
|
Batting: SHB Ethan Newby
|
0-0: Called Strike 0-1: Ball 1-1: Foul Ball, location: 2F 1-2: Ball 2-2: Foul Ball, location: 2F 2-2: Ball 3-2: SINGLE (Flyball, 9LS, EV 95.0 MPH)
|
|
Batting: RHB Cody Savastand
|
0-0: Ball 1-0: Called Strike 1-1: Swinging Strike 1-2: Strikes out swinging
|
| Top of the 7th over - 0 runs, 1 hit, 0 errors, 1 left on base; Roswell 0 - Joplin 18 |
| BOTTOM OF THE 7TH |
|
Joplin Blasters batting - Pitching for Roswell Invaders : LHP Henry Torres
|
|
Batting: SHB Sean Hill
|
0-0: Ball 1-0: Ball 2-0: Ball 3-0: Base on Balls
|
|
Batting: RHB Justin Goff
|
0-0: Ball 1-0: Called Strike 1-1: 2-RUN HOME RUN (Flyball, 78XD, EV 94.4 MPH) (Inside the Park)
|
|
Batting: RHB Adam Krieger
|
0-0: Ball 1-0: Called Strike 1-1: Ball 2-1: Foul Ball, location: 2F 2-2: Foul Ball, location: 2F 2-2: Ball 3-2: Base on Balls
|
|
Batting: RHB Jason Birge
|
0-0: SINGLE (Groundball, 6MD, EV 103.8 MPH) Adam Krieger to second
|
|
Batting: RHB Carlos Santoni
|
0-0: Called Strike 0-1: Ball 1-1: Fly out, F7 (Flyball, 7, EV 96.9 MPH)
|
|
Batting: RHB Kevin Wimberly
|
0-0: Fly out, F9 (Line Drive, 9, EV 89.4 MPH)
|
|
Batting: LHB David Bearden
|
0-0: Ball 1-0: 3-RUN HOME RUN (Flyball, 7D, EV 106.2 MPH), Distance : 383 ft
|
|
Batting: RHB Bobby Matyas
|
0-0: Foul Ball, location: 2F 0-1: Fly out, F8 (Flyball, 8RD, EV 85.6 MPH)
|
| Bottom of the 7th over - 5 runs, 3 hits, 0 errors, 0 left on base; Roswell 0 - Joplin 23 |
| TOP OF THE 8TH |
|
Roswell Invaders batting - Pitching for Joplin Blasters : RHP Bryan Kiefer
|
|
Batting: LHB Afanasy Apatenko
|
0-0: Swinging Strike 0-1: Swinging Strike 0-2: Ball 1-2: Ball 2-2: Strikes out looking
|
|
Batting: LHB Falco van Koeveringe
|
0-0: Ball 1-0: Called Strike 1-1: Swinging Strike 1-2: Ball 2-2: Strikes out looking
|
|
Batting: RHB Orlando Florez
|
0-0: Ball 1-0: Foul Ball, location: 2F 1-1: Foul Ball, location: 2F 1-2: Strikes out swinging
|
| Top of the 8th over - 0 runs, 0 hits, 0 errors, 0 left on base; Roswell 0 - Joplin 23 |
| BOTTOM OF THE 8TH |
|
Joplin Blasters batting - Pitching for Roswell Invaders : LHP Henry Torres
|
|
Batting: LHB Josh Dalton
|
0-0: Ground out 1-3 (Groundball, 15S, EV 65.6 MPH)
|
|
Batting: SHB Sean Hill
|
0-0: Ball 1-0: Ball 2-0: Ball 3-0: Called Strike 3-1: Base on Balls
|
|
Batting: RHB Justin Goff
|
0-0: 2-RUN HOME RUN (Flyball, 78XD, EV 106.9 MPH), Distance : 418 ft
|
|
Batting: RHB Adam Krieger
|
0-0: Called Strike 0-1: Ball 1-1: Ground out 5-3 (Groundball, 56, EV 79.4 MPH)
|
|
Batting: RHB Jason Birge
|
0-0: SINGLE (Groundball, 4D, EV 101.9 MPH)
|
|
Batting: RHB Carlos Santoni
|
0-0: Fielders Choice at 2nd, 6-4 (Groundball, 6, EV 90.0 MPH)
|
| Bottom of the 8th over - 2 runs, 2 hits, 0 errors, 1 left on base; Roswell 0 - Joplin 25 |
| TOP OF THE 9TH |
|
Roswell Invaders batting - Pitching for Joplin Blasters : RHP Bryan Kiefer
|
|
Pitching: RHP Greg Sell
|
|
|
Batting: LHB Dallas Kelly
|
0-0: Called Strike 0-1: Swinging Strike 0-2: Strikes out swinging
|
|
Batting: RHB Mike Swift
|
0-0: Ball 1-0: Swinging Strike 1-1: Foul Ball, location: 2F 1-2: Strikes out swinging
|
|
Batting: RHB Josh Burrows
|
0-0: Ball 1-0: Called Strike 1-1: Foul Ball, location: 2F 1-2: Ball 2-2: Foul Ball, location: 2F 2-2: Strikes out swinging
|
| Top of the 9th over - 0 runs, 0 hits, 0 errors, 0 left on base; Roswell 0 - Joplin 25 |
|